 Dungeon Crawl Stone Soup version 0.30.1 (webtiles) character file.

Game seed: 7728012936909927266

18 Sabo the Chopper (level 2, 0/22 HPs)
             Began as a Demonspawn Gladiator on July 9, 2023.
             Constricted to death by Terence (3 damage)
             ... on level 2 of the Dungeon.
             The game lasted 00:04:51 (1087 turns).

Sabo the Chopper (Demonspawn Gladiator)             Turns: 1087, Time: 00:04:52

Health: 0/22       AC: 14    Str: 14    XL:     2   Next: 48%
Magic:  2/2        EV:  8    Int:  9    God:
Gold:   114        SH:  0    Dex: 14    Spells: 1/1 levels left

rFire   + . .        a - +0 war axe
rCold   . . .        (no shield)
rNeg    . . .        q - +2 ring mail {rF+}
rPois   .            c - +0 helmet
rElec   .            (no cloak)
rCorr   .            (no gloves)
SInv    .            (no boots)
Will    .....        (no amulet)
Stlth   +            (no ring)
HPRegen 0.23/turn    (no ring)
MPRegen 0.08/turn

%: no passive effects
@: grasped by roots, sanguine armoured, constricted
A: sanguine armour 1
a: no special abilities


You were on level 2 of the Dungeon.
You visited 1 branch of the dungeon, and saw 2 of its levels.

You collected 114 gold pieces.

Inventory:

Hand Weapons
 a - a +0 war axe (weapon)
Missiles
 d - a throwing net (quivered)
 e - 6 javelins
Armour
 c - a +0 helmet (worn)
 q - a +2 ring mail of fire resistance (worn)
Scrolls
 b - a scroll of enchant armour {unknown}
 h - 2 scrolls of teleportation
 i - a scroll of noise {unknown}
 j - a scroll of identify {unknown}
 k - a scroll of enchant weapon {unknown}
 n - a scroll of immolation {unknown}
Potions
 f - a potion of resistance {unknown}
 g - a potion of lignification {unknown}
 m - a potion of heal wounds {unknown}
 o - a potion of mutation {unknown}
 p - a potion of attraction {unknown}


   Skills:
 + Level 2.2 Fighting
 + Level 3.1 Axes
 + Level 1.8 Throwing
 + Level 3.0 Dodging


You had one spell level left.
You didn't know any spells.
Your spell library contained the following spells:

 Spells                   Type           Power      Damage    Failure   Level
 Freeze                   Ice            0%         1d3       63%         1
 Summon Small Mammal      Summ           0%         N/A       63%         1
 Call Canine Familiar     Summ           0%         N/A       94%         3
 Summon Guardian Golem    Hex/Summ       0%         N/A       94%         3
 Metabolic Englaciation   Hex/Ice        0%         N/A       100%        5
 Summon Mana Viper        Hex/Summ       0%         N/A       100%        5
 Borgnjor's Revivificati  Necr           0%         N/A       100%        8
 Necromutation            Tmut/Necr      0%         N/A       100%        8
 Death's Door             Necr           0%         N/A       100%        9
 Polar Vortex             Ice            0%         N/A       100%        9


Dungeon Overview and Level Annotations

Branches:
Dungeon (2/15)

Altars:

Annotations:
D:2 Terence


Innate Abilities, Weirdness & Mutations

When seriously injured, your blood forms armour. (AC +6)


Message History

You hit Terence.
Terence is heavily wounded.
Terence zaps a wand.
The roots erupt in riotous growth!
The grasping roots grab you!
Terence is unaffected.
The grasping roots constrict you.
You hit Terence but do no damage.
Terence is heavily wounded.
Terence hits you but does no damage. The grasping roots constrict you.
Terence barely misses you. The grasping roots constrict you.
* * * LOW HITPOINT WARNING * * *
The grasping roots release their grip on you.
Okay, then.
Throw: 3 throwing nets
Press: ? - help, Q - select action, (/) - cycle Shift-Dir - straight line, f - Terence
Aim: Terence, wielding a +0 mace, wearing a +0 scale mail and carrying a wand of roots (5) (heavily wounded, 63% to hit)
You throw a throwing net.
The throwing net closely misses Terence.
Terence zaps a wand.
The roots erupt in riotous growth!
The grasping roots grab you!
Terence is unaffected.
The grasping roots constrict you.
Throw: 2 throwing nets
Press: ? - help, Q - select action, (/) - cycle Shift-Dir - straight line, f/p - Terence
Aim: Terence, wielding a +0 mace, wearing a +0 scale mail and carrying a wand of roots (4) (heavily wounded, 63% to hit)
You throw a throwing net. The throwing net hits Terence.
Terence is caught in the net!
Terence is heavily wounded.
You catch the helpless Terence completely off-guard!
You hit Terence.
Terence is severely wounded.
The grasping roots constrict you.
* * * LOW HITPOINT WARNING * * *
Terence struggles against the net.
The grasping roots constrict you.
Terence struggles against the net.
The grasping roots release their grip on you.
You hit Terence.
Terence is almost dead.
Terence zaps a wand.
The roots erupt in riotous growth!
The grasping roots grab you!
Terence is unaffected.
The grasping roots constrict you.
You die...

#......... ##########
# # # #.# # # #.# .#
##### #.###.# #....
#.#@@(# ###.###
#.#.### #...# #.#.#
#.### ##########.#.#
#.# ##
#..........#.##### #.#
.####.########.......#
#.# ......# #.#.###.#
#.# .###..# #.#.# #.#
#.# ####..# #.#.# #.#
#.#


You could see Terence (caught).

Vanquished Creatures
  A dart slug (D:1)
  An endoplasm (D:2)
  A giant cockroach (D:1)
  2 hobgoblins (D:1)
  A kobold (D:2)
  2 ball pythons (D:1)
  2 bats
  2 goblins
  4 rats
16 creatures vanquished.

Notes
Turn   | Place    | Note
-------+----------+-------------------------------------------
     0 | D:1      | Sabo the Demonspawn Gladiator began the quest for the Orb.
     0 | D:1      | Reached XP level 1. HP: 16/16 MP: 1/1
   337 | D:1      | Gained mutation: When seriously injured, your blood forms
                  | armour. (AC +6) [demonic ancestry]
   337 | D:1      | Reached XP level 2. HP: 20/22 MP: 2/2
   688 | D:2      | Got the Atlas of Hindering Frostbite
  1076 | D:2      | Noticed Terence
  1087 | D:2      | Constricted to death by Terence

Illustrated notes

Levels and vault maps discovered:
D:1:      minmay_arrival_open_corners, layout_basic
D:2:      layout_loops_ring, dk_vineyard_3, minmay_stone_trees_small,
          uniq_terence

Skill      XL: |  1  2 |
---------------+-------+-----
Axes           | 3 |  3.1
Dodging        | 3 |  3.0
Fighting       | |  2.2
Throwing       | |  1.8

Action                     || total
---------------------------++-------
  Melee: War axe           ||    47
         Punch             ||     1
  Throw: Throwing net      ||     2
    Use: Scroll            ||     1
   Stab: Held in net/web   ||     1
 Armour: Scale mail        ||     8
         Ring mail         ||    11
  Dodge: Dodged            ||    32
